Map: Dusk Towers

Players

MaNiAcJaCe

  • Race: Terran Terran
  • League: Diamond

TTS - Winner!

  • Race: Protoss Protoss
  • League: Platinum

VOD

Have the link to the VOD?

Description

Time

  • Played on: Feb. 24, 2016, 12:40 a.m.
  • Length: 10:34
Show
View Real Time Build Order
Export as new Build Order

MaNiAcJaCe Terran 

Build Orders:  

Get SALT Encoding   

  12  0:00  SCV  
  13  0:13  SCV  
  14  0:18  Supply Depot  
  14  0:25  SCV  
  15  0:33  Refinery  
  15  0:39  SCV  
  16  0:44  Barracks  
  16  0:52  SCV  
  17  1:04  SCV  
  18  1:17  SCV  
  19  1:31  SCV  
  20  1:34  Marine  
  20  1:35  Factory  
  21  1:43  Orbital Command  
  21  1:46  Supply Depot  
  21  1:51  Supply Depot  
  21  1:53  Barracks Reactor  
  21  2:08  SCV  
  22  2:20  SCV  
  23  2:33  Starport  
  23  2:35  Hellion  
  23  2:36  Hellion, Marine  
  28  2:44  Refinery  
  28  2:45  SCV  
  28  2:49  Supply Depot  
  29  2:54  Marine  
  29  2:56  Hellion  
  29  2:57  Hellion  
  34  3:00  SCV  
  35  3:09  Medivac  
  35  3:12  Marine  
  38  3:19  Widow Mine x2  
  34  3:39  Marine  
  31  3:45  SCV  
  22  4:01  Widow Mine  
  22  4:02  SCV  
  23  4:11  Marine  
  23  4:15  SCV  
  25  4:27  Engineering Bay  
  25  4:28  SCV, Marine  
  27  4:35  Widow Mine  
  29  4:40  Supply Depot, SCV  
  30  4:46  Marine  
  30  4:52  Bunker  
  31  5:01  Widow Mine  
  31  5:04  Missile Turret  
  33  5:28  Marine  
  29  5:37  SCV  
  23  5:55  SCV  
  22  5:58  Widow Mine x2, Missile Turret, Marine  
  22  6:01  Missile Turret  
  27  6:07  SCV  
  28  6:15  Viking  
  28  6:16  Marine  
  27  6:33  Marine  
  27  6:38  Missile Turret  
  27  6:43  SCV  
  28  6:51  Marine  
  28  7:01  Missile Turret  
  28  7:21  Marine  
  29  7:25  SCV  
  30  7:41  Widow Mine  
  30  7:43  Marine  
  31  8:04  SCV  
  29  8:10  Marine  
  29  8:17  SCV, Bunker  
  29  8:29  Orbital Command  
  27  8:47  Bunker  
  24  9:30  Orbital Command  
  24  10:13  Engineering Bay  
  24  10:23  Supply Depot  
Show
View Real Time Build Order
Export as new Build Order

TTS Protoss - Winner!

Build Orders: Oracle Opening 

Get SALT Encoding   

  12  0:10  Pylon  
  12  0:17  Probe (Chrono Boost)  
  13  0:27  Probe (Chrono Boost)  
  14  0:30  Gateway  
  14  0:38  Probe (Chrono Boost)  
  15  0:47  Assimilator  
  15  0:48  Probe (Chrono Boost)  
  16  0:55  Assimilator  
  16  0:59  Probe (Chrono Boost)  
  17  1:09  Probe (Chrono Boost)  
  18  1:17  Cybernetics Core  
  18  1:20  Probe (Chrono Boost)  
  19  1:30  Probe (Chrono Boost)  
  20  1:34  Pylon  
  20  1:41  Probe (Chrono Boost)  
  21  1:52  Probe (Chrono Boost)  
  21  1:53  Stargate  
  22  1:56  Adept  
  24  2:02  Probe (Chrono Boost)  
  25  2:19  Gateway  
  25  2:20  Gateway  
  25  2:36  Oracle (Chrono Boost)  
  28  2:52  Pylon  
  28  3:08  Oracle (Chrono Boost)  
  31  3:21  Gateway  
  31  3:25  Mothership Core (Chrono Boost)  
  28  3:42  Void Ray (Chrono Boost)  
  28  3:44  Probe  
  33  3:56  Probe  
  31  4:08  Probe  
  32  4:13  Warp Gate (Chrono Boost)  
  32  4:19  Void Ray (Chrono Boost)  
  32  4:20  Probe  
  37  4:25  Adept  
  39  4:37  Pylon  
  39  4:55  Probe  
  40  5:04  Adept x3  
  46  5:10  Pylon  
  46  5:28  Adept  
  46  5:36  Void Ray (Chrono Boost)  
  46  6:16  Void Ray (Chrono Boost)  
  46  6:17  Adept x2  
  54  6:20  Pylon  
  45  6:40  Adept x4  
  53  6:53  Oracle (Chrono Boost)  
  56  7:01  Adept x3  
  62  7:11  Pylon  
  62  7:43  Adept x3  
  62  7:44  Adept  
  51  8:06  Adept x3  
  51  8:07  Adept  
  59  8:21  Void Ray (Chrono Boost)  
  61  8:45  Sentry x2  
  61  8:46  Sentry  
  61  8:47  Zealot  
  55  9:12  Adept x2  
  55  9:13  Adept x2  
  51  9:43  Oracle (Chrono Boost)  
  51  9:44  Adept x2  
  51  9:45  Adept  
  60  10:03  Adept  
  62  10:09  Adept x2  
Tags
 
Add a new tag
Caveats
  • Supply blocks, unpowered buildings, or Contaminate may cause inaccurate times.
  • Supply counts are checked every 10 seconds.